 Dungeon Crawl Stone Soup version 0.29.1-1-gd02db69 (webtiles) character file.

Game seed: 12774136242003830150

880 Kel the Cleaver (level 8, -6/69 HPs)
             Began as a Gargoyle Berserker on Nov 25, 2022.
             Was a Priest of Trog.
             Mangled by Duvessa
             ... wielding a +3 rapier of freezing
              (19 damage)
             ... on level 5 of the Dungeon.
             The game lasted 00:08:27 (5090 turns).

Kel the Cleaver (Gargoyle Berserker)                Turns: 5090, Time: 00:08:28

Health: -6/69      AC: 20    Str: 24    XL:     8   Next: 5%
Magic:  8/8        EV:  8    Int:  7    God:    Trog [***...]
Gold:   308        SH:  0    Dex:  9    Spells: 7/7 levels left

rFire   . . .      SeeInvis .   a - +0 hand axe
rCold   + . .      Faith    .   (no shield)
rNeg    + . .      Spirit   .   A - +0 chain mail
rPois   ∞          Reflect  .   t - +0 helmet
rElec   +          Harm     .   e - +0 cloak
rCorr   .          Rampage  .   (no gloves)
Will    .....                   (no boots)
Stlth   ..........              B - amulet of the acrobat
HPRegen 0.21/turn               f - +4 ring of protection
MPRegen 0.11/turn               g - ring of protection from cold

@: berserking (expiring), very quick
A: sickness immunity, AC +5, negative energy resistance 1, electricity
resistance, torment resistance 1, petrification resistance
a: Renounce Religion, Berserk, Trog's Hand


You were on level 5 of the Dungeon.
You worshipped Trog.
Trog was most pleased with you.
You visited 1 branch of the dungeon, and saw 5 of its levels.

You collected 308 gold pieces.

Inventory:

Hand Weapons
 a - a +0 hand axe (weapon)
Armour
 e - a +0 cloak (worn)
 s - a +0 scale mail
 t - a +0 helmet (worn)
 A - a +0 chain mail (worn)
Jewellery
 f - a +4 ring of protection (left hand)
 g - a ring of protection from cold (right hand)
 B - an amulet of the acrobat (around neck)
Wands
 y - a wand of iceblast (8)
 C - a wand of flame (14)
Scrolls
 c - 2 scrolls of teleportation {unknown}
 d - a scroll of blinking {unknown}
 h - 5 scrolls of immolation {unknown}
 k - a scroll of enchant armour {unknown}
 m - 2 scrolls of noise {unknown}
 o - a scroll of torment {unknown}
 r - 3 scrolls of identify {unknown}
 u - a scroll of magic mapping {unknown}
 v - 2 scrolls of fear {unknown}
 w - a scroll of enchant weapon {unknown}
 z - a scroll of amnesia {unknown}
Potions
 b - 3 potions of might {unknown}
 i - 2 potions of heal wounds {unknown}
 j - 4 potions of haste {unknown}
 l - a potion of curing {unknown}
 n - a potion of brilliance {unknown}
 p - a potion of resistance {unknown}
 q - a potion of flight {unknown}
 x - a potion of cancellation {unknown}
 D - a potion of degeneration {unknown}


   Skills:
 - Level 3.2 Fighting
 + Level 8.6 Axes
 - Level 2.1 Armour
 - Level 1.5 Dodging


You had 7 spell levels left.
You didn't know any spells.
Your spell library was empty.

Dungeon Overview and Level Annotations

Branches:
Dungeon (5/15)
 Temple: D:4-7

Altars:
Cheibriados
Sif Muna
Uskayaw

Shops:
D:5 *

Annotations:
D:5 Duvessa


Innate Abilities, Weirdness & Mutations

You are immune to sickness and miasma.
Your stone body is resilient. (AC +5)
You are immune to poison.
You resist negative energy. (rN+)
You are resistant to electric shocks. (rElec)
You are resistant to unholy torment.
You are immune to petrification.


Message History

Dowan is almost dead.
You barely miss Duvessa.
You hear an angry growl.
Duvessa hits you but does no damage.
A black bear comes into view.
Dowan points at you and mumbles some strange words.
The puff of flame hits you but does no damage.
You hear an angry hiss.
You completely miss Dowan.
Dowan is almost dead.
You hit Duvessa but do no damage.
Duvessa hits you with a +3 rapier of freezing.
Duvessa freezes you. Dowan hits you but does no damage.
A red film seems to cover your vision as you go berserk!
You feel yourself moving faster!
You feel mighty! Dowan hits you but does no damage.
Duvessa says, "When magic and the sword combine, nothing stands against them."
Duvessa hits you with a +3 rapier of freezing!
* * * LOW HITPOINT WARNING * * *
You hit Dowan.
You kill Dowan!
Trog accepts your kill.
Trog appreciates your killing of a magic user.
Duvessa weeps, and shakes her weapon.
Duvessa goes berserk!
You slash Duvessa! Duvessa closely misses you.
You have reached level 8!
You feel stronger.
You barely miss Duvessa.
Duvessa is moderately wounded.
Duvessa barely misses you.
You hit Duvessa.
Duvessa is moderately wounded.
Duvessa hits you with a +3 rapier of freezing.
* * * LOW HITPOINT WARNING * * *
You barely miss Duvessa.
Duvessa is moderately wounded.
You completely miss Duvessa.
Duvessa is moderately wounded.
Duvessa hits you with a +3 rapier of freezing!!
You die...

^...##.##'##
#.....
###..#..#..#
#.#### #
##.#..##.# #.####
###.....##.#
#.....
........##.# ###
..######
###...#.##.# ##..
#.#
........##.###.###
#.#
####†#####.......#
#.# # #.#
#####.#@# #.# #
#.# ##.)e.# #. #.#
####.# ##.#.#
#.###.######
....## ###.#
#.##........ .####
# #.##..###.## >#
# ##.##..# #.# .#
#.##...#..# #.# .#
#....#....# #.# .#
####...#.## #.##


You could see Duvessa (berserk).

Vanquished Creatures
  A water moccasin (D:5)
  An ice beast (D:4)
  An ogre (D:3)
  The ghost of OSAMASBALLS the Digger, an amateur GrEE (D:3)
  A wyvern zombie (D:3)
  A scorpion (D:5)
  Dowan (D:5)
  2 hounds
  2 centaur skeletons (D:3)
  A jelly (D:5)
  Ijyb (D:5)
  Robin (D:4)
  A howler monkey skeleton (D:3)
  3 gnolls (D:5)
  4 adders
  An ufetubus (D:4)
  2 dart slugs
  A worm (D:2)
  3 orcs (D:4)
  9 ball pythons
  10 bats
  7 endoplasms
  3 giant cockroaches
  15 goblins
  16 hobgoblins
  6 jackals
  2 quokkas
  3 frilled lizards
  6 kobolds
  5 rats
  A spectral goblin (D:2)
112 creatures vanquished.

Notes
Turn   | Place    | Note
-------+----------+-------------------------------------------
     0 | D:1      | Kel the Gargoyle Berserker began the quest for the Orb.
     0 | D:1      | Reached XP level 1. HP: 14/14 MP: 1/1
    48 | D:1      | Reached skill level 3 in Axes
   314 | D:1      | Reached XP level 2. HP: 19/19 MP: 2/2
   731 | D:1      | Reached XP level 3. HP: 23/23 MP: 3/3
   996 | D:2      | Reached ** piety under Trog
   997 | D:2      | Reached skill level 4 in Axes
  1200 | D:2      | Found a faded altar of an unknown god.
  1487 | D:2      | Reached XP level 4. HP: 28/28 MP: 4/4
  2159 | D:3      | Reached skill level 5 in Axes
  2196 | D:3      | Reached XP level 5. HP: 32/32 MP: 5/5
  2264 | D:3      | Found a transporter.
  2264 | D:3      | Noticed OSAMASBALLS's ghost (amateur GrEE)
  2275 | D:3      | Found a transporter.
  2295 | D:3      | Killed OSAMASBALLS's ghost
  2296 | D:3      | Reached skill level 6 in Axes
  2296 | D:3      | Reached XP level 6. HP: 18/37 MP: 6/6
  3137 | D:4      | Found a shimmering blue altar of Sif Muna.
  3154 | D:4      | Noticed Robin
  3166 | D:4      | Killed Robin
  3167 | D:4      | Reached skill level 7 in Axes
  3167 | D:4      | Reached XP level 7. HP: 41/41 MP: 7/7
  3170 | D:4      | Reached *** piety under Trog
  3284 | D:4      | Found a snail-covered altar of Cheibriados.
  3301 | D:4      | Found a hide-covered altar of Uskayaw.
  4405 | D:5      | Entered Level 5 of the Dungeon
  4842 | D:5      | Reached skill level 8 in Axes
  4940 | D:5      | Found Touh's Serpentskin Sales.
  4941 | D:5      | Noticed Ijyb
  4957 | D:5      | Killed Ijyb
  5070 | D:5      | Noticed Dowan
  5072 | D:5      | Noticed Duvessa
  5086 | D:5      | Killed Dowan
  5087 | D:5      | Reached XP level 8. HP: 18/46 MP: 8/8
  5090 | D:5      | Mangled by Duvessa

Illustrated notes

Levels and vault maps discovered:
D:1:      lemuel_arrival_broad_hall, layout_basic
D:2:      layout_basic, dreamdust_ecumenical_altar_drowned_temple
D:3:      layout_loops_ring, gammafunk_ghost_mausoleum, nrook_uturn
D:4:      layout_rooms, mainiacjoe_overflow_cross_hatched,
          mainiacjoe_overflow_large_starburst, serial_co_window_serial,
          co_window_paths_a, co_window_paths_b, co_window_corner_a,
          co_window_paths_a, co_window_corner_a, co_window_broadway_c,
          co_window_paths_c, co_window_2corner, co_window_4corner_b,
          glass_columns_a, glass_columns_b, glass_columns_b, glass_columns_a,
          glass_columns_c, uniq_robin
D:5:      layout_loops_ring, minmay_temple_entry_nine_rooms, grunt_ministairs_7,
          guppyfry_shop_venom, uniq_duvessa, uniq_ijyb

Skill      XL: |  1  2  3  4  5  6  7 |
---------------+----------------------+-----
Axes           | 3 4 5 6 7 8 |  8.6
Fighting       | |  3.2
Armour         | |  2.1
Dodging        | |  1.5

Action                   |  1- 3 |  4- 6 |  7- 9 || total
-------------------------+-------+-------+-------++-------
Melee: Hand axe          |   137 |   149 |   138 ||   424
       Punch             |       |     1 |       ||     1
Invok: Berserk           |       |     2 |     1 ||     3
Armor: Leather armour    |    94 |    85 |       ||   179
       Scale mail        |       |     6 |    64 ||    70
       Chain mail        |       |       |    43 ||    43
       Skin              |       |       |     2 ||     2
Dodge: Dodged            |   123 |    98 |    81 ||   302
